| TOP OF THE 1ST |
|
Limon Calypsos batting - Pitching for Panama City Capitales : LHP Chuck Dougherty
|
|
Pitching: LHP Chuck Dougherty
|
|
|
Batting: RHB Randy Milligan
|
0-0: Called Strike 0-1: Ball 1-1: Called Strike 1-2: Foul Ball, location: 2F 1-2: Foul Ball, location: 2F 1-2: Ball 2-2: Ball 3-2: Base on Balls
|
|
Batting: RHB Greg Gagne
|
0-0: Ball 1-0: Ball 2-0: Swinging Strike 2-1: Swinging Strike 2-2: Ball 3-2: Strikes out swinging Randy Milligan steals 2nd base Batter strikes out.
|
|
Batting: LHB Phil Stephenson
|
0-0: Fly out, F7 (Line Drive, 7, EV 85.0 MPH) Runner from 2nd tags up, SAFE at 3rd with throw by LF
|
|
Batting: LHB Mike Pagliarulo
|
0-0: Swinging Strike 0-1: Foul Ball, location: 2F 0-2: Ball 1-2: Ground out 5-3 (Groundball, 5, EV 97.5 MPH)
|
| Top of the 1st over - 0 runs, 0 hits, 0 errors, 1 left on base; Limon 0 - Panama City 0 |
| BOTTOM OF THE 1ST |
|
Panama City Capitales batting - Pitching for Limon Calypsos : RHP Karl Best
|
|
Pitching: RHP Karl Best
|
|
|
Batting: LHB George Kaage
|
0-0: Ball 1-0: Ball 2-0: Ball 3-0: Called Strike 3-1: Base on Balls
|
|
Batting: SHB Stan Javier
|
0-0: Called Strike 0-1: Called Strike 0-2: Ball 1-2: Ball 2-2: Ball 3-2: Base on Balls George Kaage to second
|
|
Batting: LHB Preston Cash
|
0-0: Ball 1-0: Ball 2-0: SINGLE (Line Drive, 5D, EV 93.8 MPH) George Kaage to third Stan Javier to second Runner from 3rd tries for Home, SAFE, throw by LF to home
|
|
Batting: RHB Rod Allen
|
0-0: Called Strike 0-1: Ball 1-1: Ball 2-1: Foul Ball, location: 2F 2-2: Ball 3-2: Base on Balls Stan Javier to third Preston Cash to second
|
|
Batting: LHB Jordan Medrano
|
0-0: Called Strike 0-1: Called Strike 0-2: Foul Ball, location: 2F 0-2: Strikes out swinging
|
|
Batting: RHB Pedro Guerrero
|
0-0: Ball 1-0: Called Strike 1-1: Ball 2-1: Swinging Strike 2-2: Strikes out swinging
|
|
Batting: LHB Jessie Reid
|
0-0: Called Strike 0-1: Called Strike 0-2: Strikes out looking
|
| Bottom of the 1st over - 1 run, 1 hit, 0 errors, 3 left on base; Limon 0 - Panama City 1 |
| TOP OF THE 2ND |
|
Limon Calypsos batting - Pitching for Panama City Capitales : LHP Chuck Dougherty
|
|
Batting: RHB Rock Coyle
|
0-0: Called Strike 0-1: Ball 1-1: Ball 2-1: Called Strike 2-2: Fly out, F9 (Flyball, 89M, EV 87.5 MPH)
|
|
Batting: RHB Nehames Bernstine
|
0-0: Called Strike 0-1: SINGLE (Line Drive, 8LS, EV 86.9 MPH)
|
|
Batting: SHB Bobby Bonilla
|
0-0: Fly out, F8 (Line Drive, 8LD, EV 91.3 MPH)
|
|
Batting: RHB Rob Deer
|
0-0: Called Strike Pickoff Throw to First - Error! E1 Nehames Bernstine to second 0-1: Swinging Strike 0-2: Ball 1-2: Ground out 4-3 (Groundball, 4, EV 85.6 MPH)
|
| Top of the 2nd over - 0 runs, 1 hit, 1 error, 1 left on base; Limon 0 - Panama City 1 |
| BOTTOM OF THE 2ND |
|
Panama City Capitales batting - Pitching for Limon Calypsos : RHP Karl Best
|
|
Batting: SHB Mark Bailey
|
0-0: Called Strike 0-1: Foul Ball, location: 2F 0-2: Foul Ball, location: 2F 0-2: Foul Ball, location: 2F 0-2: Ball 1-2: Foul Ball, location: 2F 1-2: Ball 2-2: Ground out U3 (Groundball, 3, EV 90.6 MPH)
|
|
Batting: SHB Curt Wilkerson
|
0-0: Ball 1-0: Called Strike 1-1: Swinging Strike 1-2: Fly out, F9 (Flyball, 9, EV 91.3 MPH)
|
|
Batting: LHB George Kaage
|
0-0: Ball 1-0: Ball 2-0: Called Strike 2-1: Ball 3-1: Called Strike 3-2: Ground out 4-3 (Groundball, 4, EV 99.4 MPH)
|
| Bottom of the 2nd over - 0 runs, 0 hits, 0 errors, 0 left on base; Limon 0 - Panama City 1 |
| TOP OF THE 3RD |
|
Limon Calypsos batting - Pitching for Panama City Capitales : LHP Chuck Dougherty
|
|
Batting: SHB Luis Quinones
|
0-0: Fly out, F4 (Popup, 34D, EV 56.9 MPH)
|
|
Batting: RHB Randy Milligan
|
0-0: Ball 1-0: Ground out 6-3 (Groundball, 6, EV 80.0 MPH)
|
|
Batting: RHB Greg Gagne
|
0-0: Called Strike 0-1: Foul Ball, location: 2F 0-2: Ball 1-2: Ball 2-2: SINGLE (Groundball, 56S, EV 66.3 MPH) (infield hit)
|
|
Batting: LHB Phil Stephenson
|
0-0: Ball 1-0: Foul Ball, location: 2F 1-1: Swinging Strike 1-2: Strikes out swinging
|
| Top of the 3rd over - 0 runs, 1 hit, 0 errors, 1 left on base; Limon 0 - Panama City 1 |
| BOTTOM OF THE 3RD |
|
Panama City Capitales batting - Pitching for Limon Calypsos : RHP Karl Best
|
|
Batting: SHB Stan Javier
|
0-0: Called Strike 0-1: Ball 1-1: SINGLE (Line Drive, 3D, EV 96.3 MPH)
|
|
Batting: LHB Preston Cash
|
0-0: Ball 1-0: Foul Ball, location: 2F 1-1: Ball 2-1: 2-RUN HOME RUN (Flyball, 89XD, EV 106.3 MPH), Distance : 428 ft
|
|
Batting: RHB Rod Allen
|
0-0: Fly out, F8 (Flyball, 8RS, EV 95.0 MPH)
|
|
Batting: LHB Jordan Medrano
|
0-0: Ball 1-0: Foul Ball, location: 2F 1-1: Ball 2-1: Swinging Strike 2-2: Foul Ball, location: 2F 2-2: Ball 3-2: Base on Balls
|
|
Batting: RHB Pedro Guerrero
|
0-0: Swinging Strike 0-1: Swinging Strike 0-2: Ball 1-2: Strikes out swinging
|
|
Batting: LHB Jessie Reid
|
0-0: Swinging Strike 0-1: Ball 1-1: Called Strike 1-2: Strikes out swinging
|
| Bottom of the 3rd over - 2 runs, 2 hits, 0 errors, 1 left on base; Limon 0 - Panama City 3 |
| TOP OF THE 4TH |
|
Limon Calypsos batting - Pitching for Panama City Capitales : LHP Chuck Dougherty
|
|
Batting: LHB Mike Pagliarulo
|
0-0: Ball 1-0: Foul Ball, location: 2F 1-1: Fly out, F8 (Line Drive, 8LM, EV 94.4 MPH)
|
|
Batting: RHB Rock Coyle
|
0-0: Called Strike 0-1: Ball 1-1: Called Strike 1-2: Strikes out swinging
|
|
Batting: RHB Nehames Bernstine
|
0-0: Swinging Strike 0-1: Ground out 6-3 (Groundball, 6MD, EV 91.3 MPH)
|
| Top of the 4th over - 0 runs, 0 hits, 0 errors, 0 left on base; Limon 0 - Panama City 3 |
| BOTTOM OF THE 4TH |
|
Panama City Capitales batting - Pitching for Limon Calypsos : RHP Karl Best
|
|
Batting: SHB Mark Bailey
|
0-0: Foul Ball, location: 2F 0-1: Foul Ball, location: 2F 0-2: Strikes out swinging
|
|
Batting: SHB Curt Wilkerson
|
0-0: Called Strike 0-1: Ball 1-1: Fly out, F5 (Popup, 56S, EV 78.1 MPH)
|
|
Batting: LHB George Kaage
|
0-0: Ball 1-0: Fly out, F8 (Flyball, 78XD, EV 106.3 MPH)
|
| Bottom of the 4th over - 0 runs, 0 hits, 0 errors, 0 left on base; Limon 0 - Panama City 3 |
| TOP OF THE 5TH |
|
Limon Calypsos batting - Pitching for Panama City Capitales : LHP Chuck Dougherty
|
|
Batting: SHB Bobby Bonilla
|
0-0: Ball 1-0: Called Strike 1-1: Ball 2-1: SINGLE (Line Drive, 8RS, EV 109.4 MPH)
|
|
Batting: RHB Rob Deer
|
0-0: Foul Ball, location: 2F 0-1: Swinging Strike 0-2: Ball 1-2: Foul Ball, location: 2F 1-2: SINGLE (Groundball, 5S, EV 68.8 MPH) (infield hit) Bobby Bonilla to second
|
|
Batting: SHB Luis Quinones
|
0-0: Ball 1-0: Ball 2-0: Ball 3-0: Called Strike 3-1: Swinging Strike 3-2: Strikes out swinging
|
|
Batting: RHB Randy Milligan
|
0-0: Called Strike 0-1: Foul Ball, location: 2F 0-2: Ball 1-2: Strikes out swinging
|
|
Batting: RHB Greg Gagne
|
0-0: Ball 1-0: Ball 2-0: Swinging Strike 2-1: SINGLE (Line Drive, 56D, EV 99.4 MPH) Bobby Bonilla to third Rob Deer to second Runner from 3rd tries for Home, SAFE, throw by LF to home Rob Deer to third Greg Gagne to second
|
|
Batting: LHB Phil Stephenson
|
0-0: Ball 1-0: Called Strike 1-1: Foul Ball, location: 2F 1-2: Ball 2-2: Foul Ball, location: 2F 2-2: Ball 3-2: DOUBLE (Flyball, 3D, EV 91.9 MPH) Rob Deer scores Greg Gagne scores
|
|
Batting: LHB Mike Pagliarulo
|
0-0: Ball 1-0: Ball 2-0: Fly out, F9 (Flyball, 9LM, EV 91.9 MPH)
|
| Top of the 5th over - 3 runs, 4 hits, 0 errors, 1 left on base; Limon 3 - Panama City 3 |
| BOTTOM OF THE 5TH |
|
Panama City Capitales batting - Pitching for Limon Calypsos : RHP Karl Best
|
|
Batting: SHB Stan Javier
|
0-0: Ground out 6-3 (Groundball, 6, EV 98.8 MPH)
|
|
Batting: LHB Preston Cash
|
0-0: Fly out, F8 (Flyball, 8LD, EV 99.4 MPH)
|
|
Batting: RHB Rod Allen
|
0-0: Fly out, F7 (Flyball, 78XD, EV 91.9 MPH)
|
| Bottom of the 5th over - 0 runs, 0 hits, 0 errors, 0 left on base; Limon 3 - Panama City 3 |
| TOP OF THE 6TH |
|
Limon Calypsos batting - Pitching for Panama City Capitales : LHP Chuck Dougherty
|
|
Batting: RHB Rock Coyle
|
0-0: Ball 1-0: Called Strike 1-1: Ball 2-1: DOUBLE (Line Drive, 9LS, EV 96.3 MPH)
|
|
Batting: RHB Nehames Bernstine
|
0-0: Ball 1-0: Foul Ball, location: 2F 1-1: Ball 2-1: Ground out 4-3 (Groundball, 34, EV 86.3 MPH) Rock Coyle to third
|
|
Batting: SHB Bobby Bonilla
|
0-0: Called Strike 0-1: Called Strike 0-2: Foul Ball, location: 2F 0-2: Ball 1-2: Strikes out swinging
|
|
Batting: RHB Rob Deer
|
0-0: Ball 1-0: Called Strike 1-1: Foul Ball, location: 2F 1-2: 2-RUN HOME RUN (Flyball, 7D, EV 103.8 MPH), Distance : 392 ft
|
|
Pitching: LHP Jose Paz
|
|
|
Batting: SHB Luis Quinones
|
0-0: Ball 1-0: Called Strike 1-1: Ball 2-1: Foul Ball, location: 2F 2-2: Ball 3-2: Base on Balls
|
|
Batting: RHB Randy Milligan
|
0-0: Ball 1-0: Foul Ball, location: 2F 1-1: Swinging Strike 1-2: Ball 2-2: Strikes out looking
|
| Top of the 6th over - 2 runs, 2 hits, 0 errors, 1 left on base; Limon 5 - Panama City 3 |
| BOTTOM OF THE 6TH |
|
Panama City Capitales batting - Pitching for Limon Calypsos : RHP Karl Best
|
|
Batting: LHB Jordan Medrano
|
0-0: Ball 1-0: Ball 2-0: Ball 3-0: Called Strike 3-1: Ground out 4-3 (Groundball, 4S, EV 82.5 MPH)
|
|
Batting: RHB Pedro Guerrero
|
0-0: Ball 1-0: Ball 2-0: Called Strike 2-1: Swinging Strike 2-2: Ball 3-2: SINGLE (Flyball, 4D, EV 84.4 MPH)
|
|
Batting: LHB Jessie Reid
|
0-0: Foul Ball, location: 2F 0-1: Foul Ball, location: 2F 0-2: Strikes out looking
|
|
Batting: SHB Mark Bailey
|
0-0: Called Strike 0-1: Foul Ball, location: 2F 0-2: Strikes out looking
|
| Bottom of the 6th over - 0 runs, 1 hit, 0 errors, 1 left on base; Limon 5 - Panama City 3 |
| TOP OF THE 7TH |
|
Limon Calypsos batting - Pitching for Panama City Capitales : LHP Jose Paz
|
|
Batting: RHB Greg Gagne
|
0-0: Ball 1-0: Ball 2-0: Foul Ball, location: 2F 2-1: Foul Ball, location: 2F 2-2: Fly out, F4 (Popup, 34S, EV 70.6 MPH)
|
|
Batting: LHB Phil Stephenson
|
0-0: Ball 1-0: Ball 2-0: Ball 3-0: Base on Balls
|
|
Batting: LHB Mike Pagliarulo
|
0-0: Ball 1-0: Ball 2-0: Swinging Strike 2-1: Ball 3-1: Foul Ball, location: 2F 3-2: Strikes out swinging
|
|
Pitching: RHP Javier Villanueva
|
|
|
Batting: RHB Rock Coyle
|
0-0: Ball 1-0: Swinging Strike 1-1: Ball 2-1: Ball 3-1: Swinging Strike 3-2: Strikes out swinging
|
| Top of the 7th over - 0 runs, 0 hits, 0 errors, 1 left on base; Limon 5 - Panama City 3 |
| BOTTOM OF THE 7TH |
|
Panama City Capitales batting - Pitching for Limon Calypsos : RHP Karl Best
|
|
Pitching: RHP Andy Hawkins
|
|
|
Batting: SHB Curt Wilkerson
|
0-0: Ball 1-0: Ball 2-0: Called Strike 2-1: SINGLE (Line Drive, 6M, EV 108.1 MPH)
|
|
Batting: LHB George Kaage
|
0-0: Ball 1-0: Called Strike 1-1: Foul Ball, location: 2F 1-2: Fly out, F7 (Line Drive, 7, EV 100.0 MPH)
|
|
Batting: SHB Stan Javier
|
0-0: Called Strike 0-1: Ball 1-1: Ball 2-1: Ball 3-1: Foul Ball, location: 2F 3-2: Fielders Choice at 2nd, 1-6 (Groundball, 13S, EV 66.3 MPH)
|
|
Batting: LHB Preston Cash
|
0-0: Ball Stan Javier is caught stealing 2nd base 2-6
|
| Bottom of the 7th over - 0 runs, 1 hit, 0 errors, 0 left on base; Limon 5 - Panama City 3 |
| TOP OF THE 8TH |
|
Limon Calypsos batting - Pitching for Panama City Capitales : RHP Javier Villanueva
|
|
Batting: RHB Nehames Bernstine
|
0-0: Ball 1-0: Ball 2-0: Ball 3-0: Base on Balls
|
|
Batting: SHB Bobby Bonilla
|
0-0: Foul Ball, location: 2F 0-1: Swinging Strike 0-2: Ball 1-2: Ball 2-2: Ball 3-2: Foul Ball, location: 2F 3-2: Strikes out looking
|
|
Batting: RHB Rob Deer
|
0-0: Ball 1-0: Ball 2-0: Fielders Choice at 2nd, 6-4 (Groundball, 6, EV 86.3 MPH)
|
|
Batting: SHB Luis Quinones
|
0-0: Called Strike Rob Deer steals 2nd base 0-1: SINGLE (Flyball, 5D, EV 81.9 MPH) Rob Deer to third Throwing error, E7 Rob Deer scores Luis Quinones to second
|
|
Pitching: RHP Richard Renwick
|
|
|
Batting: RHB Randy Milligan
|
0-0: Ball 1-0: Swinging Strike 1-1: Swinging Strike 1-2: Ball 2-2: Ball 3-2: Base on Balls
|
|
Batting: RHB Greg Gagne
|
0-0: SINGLE (Groundball, 6MD, EV 102.5 MPH) Luis Quinones to third Randy Milligan to second Runner from 3rd tries for Home, SAFE, throw by CF to home
|
|
Batting: LHB Phil Stephenson
|
0-0: Called Strike 0-1: Ball 1-1: Fly out, F8 (Flyball, 8RD, EV 98.8 MPH)
|
| Top of the 8th over - 2 runs, 2 hits, 1 error, 2 left on base; Limon 7 - Panama City 3 |
| BOTTOM OF THE 8TH |
|
Panama City Capitales batting - Pitching for Limon Calypsos : RHP Andy Hawkins
|
|
Batting: LHB Preston Cash
|
0-0: Called Strike 0-1: Ball 1-1: Ball 2-1: Ball 3-1: Foul Ball, location: 2F 3-2: Foul Ball, location: 2F 3-2: Strikes out looking
|
|
Batting: RHB Rod Allen
|
0-0: Foul Ball, location: 2F 0-1: Ball 1-1: Called Strike 1-2: Foul Ball, location: 2F 1-2: Ball 2-2: Strikes out swinging
|
|
Batting: LHB Jordan Medrano
|
0-0: Fly out, F7 (Flyball, 78M, EV 91.9 MPH)
|
| Bottom of the 8th over - 0 runs, 0 hits, 0 errors, 0 left on base; Limon 7 - Panama City 3 |
| TOP OF THE 9TH |
|
Limon Calypsos batting - Pitching for Panama City Capitales : RHP Richard Renwick
|
|
Batting: LHB Mike Pagliarulo
|
0-0: Ground out 4-3 (Groundball, 4, EV 101.9 MPH)
|
|
Batting: RHB Rock Coyle
|
0-0: Fly out, F7 (Flyball, 7S, EV 81.9 MPH)
|
|
Batting: RHB Nehames Bernstine
|
0-0: Called Strike 0-1: Foul Ball, location: 2F 0-2: Ball 1-2: Fly out, F7 (Flyball, 78M, EV 89.4 MPH)
|
| Top of the 9th over - 0 runs, 0 hits, 0 errors, 0 left on base; Limon 7 - Panama City 3 |
| BOTTOM OF THE 9TH |
|
Panama City Capitales batting - Pitching for Limon Calypsos : RHP Andy Hawkins
|
|
Batting: RHB Pedro Guerrero
|
0-0: Called Strike 0-1: Ground out 6-3 (Groundball, 6, EV 89.4 MPH)
|
|
Batting: LHB Jessie Reid
|
0-0: Ground out 6-3 (Groundball, 56D, EV 95.0 MPH)
|
|
Batting: SHB Mark Bailey
|
0-0: Ball 1-0: Called Strike 1-1: Called Strike 1-2: Strikes out swinging, 2-3 out at first.
|
| Bottom of the 9th over - 0 runs, 0 hits, 0 errors, 0 left on base; Limon 7 - Panama City 3 |
|